 Dungeon Crawl Stone Soup version 0.23.2-40-g277498a001 (webtiles) character file.

Game seed: 12546115325545521156

97721 Chiseanne the Jinx (level 16, 0/90 HPs)
             Began as an Octopode Assassin on Oct 10, 2019.
             Was an Initiate of Gozag.
             Slain by a komodo dragon (31 damage)
             ... on level 6 of the Lair of Beasts.
             The game lasted 01:57:00 (34020 turns).

Chiseanne the Jinx (Octopode Assassin)             Turns: 34020, Time: 01:57:01

Health: 0/90       AC:  8    Str: 16    XL:     16   Next: 20%
Magic:  37/37      EV: 25    Int: 23    God:    Gozag
Gold:   909        SH: 20    Dex: 20    Spells: 11/29 levels left

rFire    + . .     SeeInvis .   a - +9 rapier of Seassa {flame, rPois rN+ Int+4}
rCold    + . .     Gourm    .   F - +5 shield
rNeg     + + .     Faith    .   e - +3 hat of Pondering {ponderous, MR+ MP+10 Int+5}
rPois    +         Spirit   .   j - +3 amulet of reflection
rElec    +         Reflect  +   i - ring of flight
rCorr    .         Harm     .   J - +3 ring of protection
MR       ++...                  g - ring of positive energy
Stlth    ++++++....             k - +4 ring of evasion
HPRegen  0.25/turn              x - +6 ring of strength
MPRegen  0.25/turn              W - ring of protection from cold
                                T - +4 ring of slaying
                                K - ring of fire

@: gold aura, studying Slings, slow
A: almost no armour, stealthy swim, amphibious, 8 rings, constrict 8, camouflage
1, cold resistance 1, shaggy fur 1, electricity resistance, gelatinous body 1
a: Potion Petition, Call Merchant, Bribe Branch, Renounce Religion, Evoke Flight


You were on level 6 of the Lair of Beasts.
You worshipped Gozag.
Gozag was pleased with you.
You were very full.

You visited 3 branches of the dungeon, and saw 23 of its levels.
You visited 1 bazaar.
You also visited: Bailey.

You collected 9459 gold pieces.
You spent 4906 gold pieces at shops.
You paid 3644 gold pieces to Gozag.

Inventory:

Hand Weapons
 a - the +9 rapier of Seassa (weapon) {flame, rPois rN+ Int+4}
   (You found it on level 12 of the Dungeon)

   It has been specially enchanted to burn those struck by it, causing extra
   injury to most foes and up to half again as much damage against particularly
   susceptible opponents.
   It affects your intelligence (+4).
   It protects you from poison.
   It protects you from negative energy.
 c - a +2 scimitar of flaming
 d - a +3 war axe of electrocution
 s - the +2 short sword "Qasoig" {venom, rElec}
   (You bought it in a shop on level 9 of the Dungeon)

   It poisons the flesh of those it strikes.
   It insulates you from electricity.
 w - a +5 blowgun
 z - the +6 short sword of Doors {freeze, rC+}
   (You bought it in a shop on level 2 of the Orcish Mines)

   It has been specially enchanted to freeze those struck by it, causing extra
   injury to most foes and up to half again as much damage against particularly
   susceptible opponents.
   It can also slow down cold-blooded creatures.
   It protects you from cold.
Missiles
 b - 5 poisoned tomahawks (quivered)
 y - a throwing net
 G - 300 arrows
 X - 7 curare-tipped needles
Armour
 e - the +3 hat of Pondering (worn) {ponderous, MR+ MP+10 Int+5}
   (You took it off Gastronok on level 8 of the Dungeon)

   It affects your intelligence (+5).
   It affects your resistance to hostile enchantments.
   It affects your magic capacity (+10).
 F - a +5 shield (worn)
Magical Staves
 U - an uncursed staff of energy
Jewellery
 g - a ring of positive energy (on tentacle)
 i - a ring of flight (left tentacle)
 j - a +3 amulet of reflection (around mantle)
 k - a +4 ring of evasion (on tentacle)
 x - a +6 ring of strength (on tentacle)
 J - a +3 ring of protection (right tentacle)
 K - a ring of fire (on tentacle)
 L - an uncursed amulet of regeneration
 N - an uncursed ring of protection from magic
 T - a +4 ring of slaying (on tentacle)
 W - a ring of protection from cold (on tentacle)
Wands
 t - a wand of iceblast (10)
 u - a wand of polymorph (10)
 H - a wand of disintegration (26)
 Z - a wand of digging (3)
Scrolls
 l - a scroll of fear
 n - 5 scrolls of magic mapping
 r - 8 scrolls of teleportation
 v - 5 scrolls of remove curse
 C - 3 scrolls of identify
 E - 2 scrolls of holy word
 M - a scroll of blinking
 Q - 4 scrolls of fog
 V - a scroll of summoning
Potions
 h - 14 potions of curing
 m - 3 potions of resistance
 o - a potion of magic
 p - 4 potions of heal wounds
 q - 3 potions of flight
 A - a potion of invisibility
 D - a potion of ambrosia
 I - 4 potions of might
 P - a potion of brilliance
 R - a potion of cancellation
 S - a potion of berserk rage
 Y - 4 potions of haste
Books
 O - a manual of Slings
Miscellaneous
 B - a phial of floods
Comestibles
 f - 10 rations


   Skills:
 - Level 2.0 Fighting
 - Level 9.6 Short Blades
 - Level 9.1 Axes
 - Level 2.0 Throwing
 - Level 10.9 Dodging
 - Level 11.3 Stealth
 - Level 10.3 Shields
 - Level 7.4 Spellcasting
 + Level 12.5 Hexes
 - Level 6.8 Transmutations
 - Level 6.8 Earth Magic
 - Level 10.0 Evocations


You had 11 spell levels left.
You knew the following spells:

 Your Spells              Type           Power        Failure   Level  Hunger
a - Sticks to Snakes      Tmut           #####...     1%          2    None
b - Statue Form           Tmut/Erth      #####....    77%         6    ######.
c - Summon Butterflies    Summ           #.......     13%         1    None
d - Confuse               Hex            ######..     1%          3    None
e - Tukima's Dance        Hex            ######..     1%          3    None
f - Dazzling Spray        Conj/Hex       #####.       3%          3    None

Your spell library contained the following spells:

 Spells                   Type           Power        Failure   Level  Hunger
 Beastly Appendage        Tmut           #####.       1%          1    None
 Corona                   Hex            ######.      1%          1    None
 Ensorcelled Hibernation  Hex/Ice        #####.       1%          2    None
 Spider Form              Tmut/Pois      ###.......   10%         3    None
 Animate Skeleton         Necr           N/A          13%         1    None
 Pain                     Necr           #...         13%         1    None
 Poisonous Vapours        Pois/Air       #.....       21%         2    None
 Blade Hands              Tmut           #####.....   22%         5    #####..
 Summon Mana Viper        Hex/Summ       #####...     28%         5    #####..
 Ice Form                 Ice/Tmut       ###.....     32%         4    ###....
 Call Canine Familiar     Summ           #.......     36%         3    None
 Conjure Flame            Conj/Fire      ##......     36%         3    None
 Mephitic Cloud           Conj/Pois/Air  #.......     36%         3    None
 Regeneration             Chrm/Necr      #.........   36%         3    None
 Vampiric Draining        Necr           #.........   36%         3    None
 Irradiate                Conj/Tmut      ###.......   65%         5    #####..
 Hydra Form               Tmut           #####.....   77%         6    ######.
 Animate Dead             Necr           N/A          78%         4    ###....
 Summon Ice Beast         Ice/Summ       #.......     78%         4    ###....
 Freezing Cloud           Conj/Ice/Air   #.........   100%        6    ######.
 Dragon Form              Tmut           #####.....   100%        7    #######
 Ring of Flames           Chrm/Fire      ##........   100%        7    #######
 Summon Hydra             Summ           #.........   100%        7    #######


Dungeon Overview and Level Annotations

Branches:
Dungeon (15/15)            Temple (0/1) D:5            Lair (6/6) D:8
 Shoals (0/4) Lair:4       Spider (0/4) Lair:2        Slime (0/5) Lair:5
    Orc (2/2) D:12            Elf (0/3) Orc:2        Vaults (0/5) D:13
 Depths (0/5) D:15

Altars:
Gozag
Nemelex Xobeh
Xom
Yredelemnul
Jiyva

Shops:
D:4 ?   D:8 *=   D:9 (   D:12 (!   Orc:2 [*(*

Annotations:
D:4 exclusion: orc priest
D:8 3 runed translucent doors, lepoulpe303's ghost, novice HaHu
D:14 1 runed translucent door, PureImprov's ghost, journeyman MiGl
Lair:5 1 runed translucent door


Innate Abilities, Weirdness & Mutations

You cannot wear most types of armour.
You are very stealthy in the water. (Stealth+)
You are amphibious.
You can wear up to eight rings at the same time.
You can use your tentacles to constrict eight enemies at once.
Your skin changes colour to match your surroundings (Stealth+).
Your rubbery body absorbs attacks. (AC +1, EV +1)
Your flesh is cold resistant. (rC+)
You are covered in fur. (AC +1)
You are resistant to electric shocks. (rElec)


Message History

The polar bear claws you but does no damage.
You block the polar bear's attack.
You puncture the polar bear! You burn the polar bear.
Your squeeze misses the polar bear.
The polar bear is almost dead.
The komodo dragon bites you!!
The polar bear goes berserk!
You completely miss the komodo dragon. You squeeze the komodo dragon.
The komodo dragon is almost dead.
You block the polar bear's attack. x3
The komodo dragon bites you but does no damage.
You block the komodo dragon's attack. You block the polar bear's attack. x2
The polar bear barely misses you.
You hit the polar bear but do no damage.
You squeeze the polar bear!
You kill the polar bear!
You hit the komodo dragon. You burn the komodo dragon.
The komodo dragon is almost dead.
The komodo dragon bites you!!
You die...
Your body crumbles into a pile of gold.

#..#....## ...
.###...#....#
.P....#...P#.#...#
................##
#..........PPP..#
......#....##...##
#...........#P...#
........#..###..##
#......#@#..##..#
.....#l##.###..##
............##...#
.................#
..#.#......###...#
# ##.#...##.####
#########


You could see a komodo dragon.

Vanquished Creatures
  Gastronok (D:8)
  Kirke (D:15)
  A stone giant (Orc:1)
  Nessos (Lair:4)
  2 ogre magi (D:15)
  3 vault guards (D:13)
  2 hydras
  Erolcha (D:13)
  A merfolk avatar (Lair:6)
  2 centaur warriors
  15 two-headed ogres
  5 orc high priests (Orc:2)
  A fire crab (Lair:6)
  Sonja (Lair:4)
  5 skeletal warriors
  2 sea snakes (Lair:6)
  4 wizards
  A flayed ghost (D:15)
  2 orc knights (D:15)
  2 necromancers
  12 ugly things
  A harpy (Lair:6)
  2 orc sorcerers (Orc:2)
  3 cyclopes
  4 manticores (D:15)
  2 black mambas
  7 elephants
  An apocalypse crab (D:14)
  13 spiny frogs
  A gargoyle (D:15)
  8 komodo dragons
  3 kobold demonologists
  4 rime drakes
  5 yaktaurs (D:15)
  5 trolls
  3 polar bears
  3 wind drakes (Lair:6)
  A hornet (Lair:6)
  Prince Ribbit (D:8)
  11 blink frogs
  A meliai zombie (D:12)
  2 spriggan zombies (D:15)
  9 hippogriffs
  2 slime creatures (D:14)
  6 dream sheep (Lair:6)
  A dream sheep (shapeshifter) (D:14)
  An ettin zombie (D:15)
  A snapping turtle (Lair:4)
  A fire dragon skeleton (D:15)
  A tarantella (shapeshifter) (D:13)
  2 shadows
  56 yaks
  4 wyverns
  4 fire elementals
  3 wraiths
  16 humans (D:13)
  4 hungry ghosts
  A hog (D:15)
  A fire bat (Bailey)
  8 vampire mosquitoes
  A naga (shapeshifter) (D:15)
  5 wargs
  An acid dragon (D:7)
  14 water moccasins
  5 porcupines
  A hell hound (D:14)
  2 ice beasts (D:7)
  6 sky beasts
  4 phantoms
  2 black bears
  2 eyes of draining (D:11)
  30 orc warriors
  5 boggarts
  30 ogres
  10 centaurs
  12 crocodiles
  2 big kobolds
  19 bullfrogs
  2 wyvern skeletons
  9 scorpions
  3 wights (D:7)
  5 killer bees
  2 howler monkeys
  4 electric eels
  6 centaur zombies
  3 bullfrog zombies
  6 crimson imps
  2 centaur skeletons (D:7)
  4 jellies
  27 orc priests
  11 hounds
  31 orc wizards
  2 bullfrog skeletons
  6 iguanas
  13 worker ants
  An ogre zombie (D:13)
  2 hound zombies
  A human simulacrum (D:9)
  A hound skeleton (D:4)
  2 worker ant zombies
  16 gnolls
  15 adders
  2 howler monkey skeletons
  2 oozes
  An adder zombie (D:5)
  2 adder skeletons (D:7)
  6 worms
  5 dart slugs
  5 leopard geckos
  70 orcs
  5 giant cockroaches
  11 goblins
  9 hobgoblins
  15 jackals
  5 quokkas
  7 bats
  6 frilled lizards
  27 kobolds
  A leopard gecko skeleton (D:4)
  4 rats
  A fungus (Lair:2)
  3 withered plants (D:15)
779 creatures vanquished.

Vanquished Creatures (collateral kills)
  A manticore (D:11)
  A cyclops (D:11)
  2 yaks (D:9)
  A water moccasin (D:11)
  A hell hound (D:14)
  A black bear (D:8)
  An ogre (D:13)
  2 bullfrogs (Lair:1)
10 creatures vanquished.

Vanquished Creatures (others)
  A centaur warrior (D:15)
  A slime creature (D:14)
  A meliai zombie (D:14)
  6 humans (D:15)
  A sky beast (D:10)
  A centaur (D:9)
  A jelly (D:14)
  A human simulacrum (D:9)
  4 fungi
  10 plants
  5 withered plants (D:15)
32 creatures vanquished.

Grand Total: 821 creatures vanquished

Notes
Turn   | Place    | Note
-------+----------+-------------------------------------------
     0 | D:1      | Chiseanne the Octopode Assassin began the quest for the
                  | Orb.
     0 | D:1      | Reached XP level 1. HP: 14/14 MP: 1/1
   184 | D:1      | Reached XP level 2. HP: 12/19 MP: 2/2
   680 | D:1      | Reached XP level 3. HP: 23/24 MP: 3/3
  1159 | D:2      | Reached XP level 4. HP: 25/29 MP: 4/4
  1359 | D:2      | Found a basalt altar of Yredelemnul.
  2031 | D:3      | Reached XP level 5. HP: 34/34 MP: 5/5
  2516 | D:4      | Noticed a phantom
  2546 | D:4      | Killed a phantom
  2546 | D:4      | Reached skill level 1 in Shields
  2546 | D:4      | Reached XP level 6. HP: 7/39 MP: 6/6
  3185 | D:4      | Noticed an orc warrior
  3282 | D:4      | Found Ceocwuf's Magic Scroll Boutique.
  3301 | D:4      | Bought a scroll of identify for 26 gold pieces
  3301 | D:4      | Bought a scroll of identify for 26 gold pieces
  3546 | D:4      | Reached XP level 7. HP: 45/45 MP: 7/7
  3557 | D:4      | You fall through a shaft!
  3557 | D:5      | Entered Level 5 of the Dungeon
  3567 | D:5      | Found a basalt altar of Yredelemnul.
  3608 | D:5      | Found Qebrok's Weapon Emporium.
  3673 | D:5      | You fall through a shaft!
  3846 | D:6      | Reached skill level 5 in Dodging
  3846 | D:6      | Reached XP level 8. HP: 37/50 MP: 8/8
  4395 | D:5      | Found an opulent altar of Gozag.
  4407 | D:5      | Became a worshipper of Gozag Ym Sagoz the Greedy
  4608 | D:5      | Found a staircase to the Ecumenical Temple.
  5483 | D:7      | Found a flagged portal.
  5506 | Bailey   | Entered a bailey
  5506 | Bailey   | Noticed an orc knight
  5508 | Bailey   | Noticed a mana viper
  5508 | Bailey   | an orc knight changed into a mana viper
  5517 | Bailey   | Reached skill level 10 in Stealth
  5517 | Bailey   | Reached skill level 5 in Shields
  5526 | Bailey   | Reached XP level 9. HP: 27/54 MP: 9/9
  6029 | D:7      | Got a brightly glowing bronze amulet
  6128 | D:7      | Identified the amulet "Zauggomy" {*Corrode +Rage Str+2
                  | Slay+3} (You found it on level 7 of the Dungeon)
  6241 | D:7      | Noticed a troll
  6245 | D:7      | Found a runed translucent door.
  6266 | D:7      | Reached skill level 5 in Short Blades
  6630 | D:7      | Noticed a cyclops
  6630 | D:7      | Noticed a kobold demonologist
  6957 | D:4      | Bought a scroll of holy word for 97 gold pieces
  6957 | D:4      | Bought a scroll of teleportation for 39 gold pieces
  6957 | D:4      | Bought a scroll of torment for 97 gold pieces
  6957 | D:4      | Bought a scroll of remove curse for 39 gold pieces
  6957 | D:4      | Bought a scroll of immolation for 45 gold pieces
  7068 | D:8      | Learned a level 6 spell: Statue Form
  7386 | D:8      | Reached skill level 1 in Spellcasting
  7396 | D:8      | Noticed Gastronok
  7574 | D:8      | Noticed Prince Ribbit
  7578 | D:8      | Killed Prince Ribbit
  7578 | D:8      | Reached XP level 10. HP: 60/60 MP: 12/12
  7630 | D:8      | Found a staircase to the Lair.
  7777 | D:8      | Found Wuloduf's Jewellery Shop.
  7782 | D:8      | Bought a +3 ring of protection for 252 gold pieces
  7853 | D:8      | Found a runed translucent gate.
  7853 | D:8      | Found a runed translucent gate.
  7853 | D:8      | Found a runed translucent gate.
  7853 | D:8      | Noticed a purple ugly thing
  7853 | D:8      | Noticed a red ugly thing
  7853 | D:8      | Noticed a brown ugly thing
  7854 | D:8      | Noticed a green ugly thing
  7854 | D:8      | Noticed a brown ugly thing
  7854 | D:8      | Noticed a white ugly thing
  8525 | D:8      | Killed Gastronok
  8864 | D:9      | Reached skill level 1 in Transmutations
  8877 | D:9      | Reached skill level 1 in Earth Magic
  9644 | D:9      | Reached XP level 11. HP: 64/64 MP: 17/17
 10331 | D:9      | Identified a scroll of acquirement
 10893 | D:9      | Learned a level 2 spell: Sticks to Snakes
 11056 | D:9      | Bought a smoking short sword for 256 gold pieces
 11068 | D:9      | Identified the +2 short sword "Qasoig" {venom, rElec} (You
                  | bought it in a shop on level 9 of the Dungeon)
 11074 | D:9      | Bought an ichor-stained hand axe for 256 gold pieces
 11075 | D:9      | Identified the +10 hand axe of Raqies {freeze, *Contam
                  | +Rage rC+++ MP+9} (You bought it in a shop on level 9 of
                  | the Dungeon)
 11113 | D:9      | Gained mutation: Scrolls take you a little longer to read.
                  | [mutagenic glow]
 11276 | D:10     | Entered Level 10 of the Dungeon
 11322 | D:9      | Bought a faintly glowing flail for 272 gold pieces
 11322 | D:9      | Identified the cursed +1 flail of Cruel Justice {venom,
                  | rPois} (You bought it in a shop on level 9 of the Dungeon)
 12295 | D:11     | Reached skill level 5 in Spellcasting
 12754 | D:11     | Noticed a cyclops
 13252 | D:11     | Noticed a manticore
 13343 | Lair:1   | Entered Level 1 of the Lair of Beasts
 14046 | Lair:1   | Reached XP level 12. HP: 48/70 MP: 9/20
 14351 | Lair:1   | Reached skill level 5 in Transmutations
 14351 | Lair:1   | Reached skill level 5 in Earth Magic
 14365 | Lair:1   | Reached skill level 10 in Dodging
 15152 | D:8      | Bought a scroll of identify for 26 gold pieces
 15152 | D:8      | Bought a scroll of identify for 26 gold pieces
 15152 | D:8      | Bought a ration for 65 gold pieces
 15457 | D:8      | Bought a +1 ring of evasion for 36 gold pieces
 15457 | D:8      | Bought a +2 ring of strength for 90 gold pieces
 15541 | Lair:2   | Found a dark tunnel.
 16514 | Lair:2   | Found a hole to the Spider Nest.
 16660 | Lair:2   | Reached skill level 10 in Shields
 17148 | Lair:3   | Noticed a six-headed hydra
 17154 | Lair:3   | Killed a six-headed hydra
 17562 | Lair:3   | Reached XP level 13. HP: 74/74 MP: 23/23
 18111 | Lair:4   | Noticed Nessos
 18122 | Lair:4   | Killed Nessos
 18122 | Lair:4   | Reached skill level 5 in Evocations
 18242 | Lair:4   | Noticed Sonja
 18245 | Lair:4   | Killed Sonja
 18947 | Lair:4   | Found a staircase to the Shoals.
 19795 | D:8      | Bought a +4 ring of slaying for 936 gold pieces
 19937 | Lair:5   | Found a runed translucent door.
 20291 | Lair:5   | Found a staircase to the Slime Pits.
 20300 | Lair:5   | Found a viscous altar of Jiyva.
 20594 | Lair:6   | Entered Level 6 of the Lair of Beasts
 21654 | D:7      | Got a scorched short sword
 21670 | D:7      | Identified the cursed +0 short sword "Beast's Death Toll"
                  | {pierce, Int+3} (You found it on level 7 of the Dungeon)
 21936 | D:12     | Reached skill level 10 in Evocations
 22149 | D:11     | HP: 2/74 [cyclops/large rock (31)]
 23018 | D:12     | Found a staircase to the Orcish Mines.
 23176 | D:12     | Reached skill level 1 in Axes
 23764 | D:12     | Got a warped rapier
 23765 | D:12     | Identified the +9 rapier of Seassa {flame, rPois rN+ Int+4}
                  | (You found it on level 12 of the Dungeon)
 23971 | D:12     | Bought a potion of curing for 42 gold pieces
 24104 | D:13     | Reached XP level 14. HP: 81/81 MP: 25/25
 24126 | D:13     | Found a sparkling altar of Nemelex Xobeh.
 24481 | D:13     | Reached skill level 5 in Axes
 24608 | D:13     | Noticed Erolcha
 24626 | D:13     | Killed Erolcha
 25084 | D:13     | Found a gate to the Vaults.
 25788 | D:14     | Learned a level 1 spell: Summon Butterflies
 25825 | D:14     | Found a shimmering altar of Xom.
 25825 | D:14     | Found a shimmering altar of Xom.
 25825 | D:14     | Found a shimmering altar of Xom.
 25825 | D:14     | Found a shimmering altar of Xom.
 25826 | D:14     | Found a shimmering altar of Xom.
 25826 | D:14     | Found a shimmering altar of Xom.
 25826 | D:14     | Found a shimmering altar of Xom.
 25826 | D:14     | Found a shimmering altar of Xom.
 25832 | D:14     | Found a shimmering altar of Xom.
 25832 | D:14     | Found a shimmering altar of Xom.
 25834 | D:14     | Found a shimmering altar of Xom.
 25836 | D:14     | Found a shimmering altar of Xom.
 26009 | Orc:1    | Entered Level 1 of the Orcish Mines
 26020 | Orc:1    | Noticed a stone giant
 26032 | Orc:1    | Killed a stone giant
 26926 | D:12     | Bought a faintly glowing dagger for 196 gold pieces
 26926 | D:12     | Bought an ivory hunting sling for 182 gold pieces
 26935 | D:12     | Identified the +4 dagger of Grontol {freeze, Str+6 Int+3}
                  | (You bought it in a shop on level 12 of the Dungeon)
 26940 | D:12     | Identified the cursed +0 hunting sling "Molivil" {freeze,
                  | rF++ Str-2 Stlth+} (You bought it in a shop on level 12 of
                  | the Dungeon)
 27052 | Orc:2    | Entered Level 2 of the Orcish Mines
 27205 | Orc:2    | Found a flickering gateway to a bazaar.
 27902 | Bazaar   | Entered a bazaar
 28000 | Bazaar   | Found Jedo's Book Shoppe.
 28038 | Bazaar   | Found Liwe's Assorted Antiques.
 28042 | Bazaar   | Bought a scroll of identify for 52 gold pieces
 28078 | Bazaar   | Found Qayteoji's Gadget Shoppe.
 28102 | Bazaar   | Bought a book of Maledictions for 200 gold pieces
 28108 | Bazaar   | Learned a level 3 spell: Confuse
 28219 | Orc:2    | Reached skill level 1 in Hexes
 28342 | Orc:2    | Reached skill level 2 in Hexes
 28362 | Orc:2    | Found Utoph's Armour Shop.
 28362 | Orc:2    | Found Namorryl's Antique Weapon Boutique.
 28370 | Orc:2    | Found Piloaduxit's Assorted Antiques.
 28372 | Orc:2    | Found Benken's General Store.
 28399 | Orc:2    | Reached XP level 15. HP: 85/85 MP: 26/26
 28415 | Orc:2    | Bought a potion of heal wounds for 85 gold pieces
 28415 | Orc:2    | Bought a scroll of fog for 34 gold pieces
 28415 | Orc:2    | Bought a scroll of blinking for 127 gold pieces
 28415 | Orc:2    | Bought a scroll of magic mapping for 59 gold pieces
 28422 | Orc:2    | Bought a potion of curing for 105 gold pieces
 28436 | Orc:2    | Found a staircase to the Elven Halls.
 28446 | Orc:2    | Reached skill level 3 in Hexes
 28506 | Orc:2    | Reached skill level 4 in Hexes
 28959 | Orc:2    | Bought a steaming short sword for 280 gold pieces
 28965 | Orc:2    | Identified the +6 short sword of Doors {freeze, rC+} (You
                  | bought it in a shop on level 2 of the Orcish Mines)
 29028 | D:12     | Bought a potion of curing for 42 gold pieces
 29178 | D:14     | Noticed Azrael
 29179 | D:14     | Reached skill level 5 in Hexes
 29197 | D:14     | Noticed Azrael
 29197 | D:14     | Azrael changed into Azrael the apocalypse crab
 29220 | D:14     | Killed Azrael the apocalypse crab
 29699 | D:14     | Reached skill level 6 in Hexes
 30086 | D:14     | Found a runed translucent door.
 30087 | D:14     | Noticed PureImprov's ghost (journeyman MiGl)
 30088 | D:14     | Identified the +9 spear of Olycapube {drain, rC+ rN+ MR+}
 30311 | D:15     | Entered Level 15 of the Dungeon
 30340 | D:15     | Reached skill level 7 in Hexes
 30517 | D:15     | Found a staircase to the Depths.
 30949 | D:15     | Reached skill level 8 in Hexes
 31258 | D:15     | Learned a level 3 spell: Tukima's Dance
 31262 | D:15     | Learned a level 3 spell: Dazzling Spray
 31317 | D:15     | Reached skill level 9 in Hexes
 31710 | D:15     | Noticed Kirke
 31724 | D:15     | Killed Kirke
 31806 | D:15     | Reached skill level 10 in Hexes
 32764 | D:12     | Bought a potion of ambrosia for 112 gold pieces
 32764 | D:12     | Bought 2 potions of might for 112 gold pieces
 32764 | D:12     | Bought a potion of resistance for 140 gold pieces
 32764 | D:12     | Bought 2 potions of curing for 84 gold pieces
 32823 | Orc:2    | Bought a potion of resistance for 170 gold pieces
 32956 | D:8      | Bought an uncursed ring of fire for 300 gold pieces
 32999 | D:8      | Reached skill level 11 in Hexes
 33201 | D:8      | Found a runed translucent gate.
 33201 | D:8      | Found a runed translucent gate.
 33203 | D:8      | Found a runed translucent gate.
 33203 | D:8      | Noticed lepoulpe303's ghost (novice HaHu)
 33218 | D:8      | Lost mutation: Scrolls take you a little longer to read.
                  | [potion of mutation]
 33218 | D:8      | Gained mutation: You are resistant to electric shocks.
                  | (rElec) [potion of mutation]
 33218 | D:8      | Gained mutation: Your flesh is cold resistant. (rC+)
                  | [potion of mutation]
 33218 | D:8      | Gained mutation: You are covered in fur. (AC +1) [potion of
                  | mutation]
 33374 | Lair:6   | Reached XP level 16. HP: 82/90 MP: 27/27
 33515 | Lair:6   | Reached skill level 12 in Hexes
 34020 | Lair:6   | Slain by a komodo dragon

Skill      XL: |  1  2  3  4  5  6  7  8  9 10 11 12 13 14 15 16 |
---------------+-------------------------------------------------+-----
Dodging        | 2 3 4 5 6 7 8 9 10 | 10.9
Stealth        | 6 7 8 10 11 | 11.3
Short Blades   | 3 4 5 6 9 |  9.6
Shields        | 1 2 3 5 6 8 9 10 | 10.3
Spellcasting   | 1 4 5 7 |  7.4
Transmutations | 2 4 6 |  6.8
Earth Magic    | 2 4 6 |  6.8
Evocations     | 3 10 | 10.0
Axes           | 3 9 |  9.1
Hexes          | 2 11 12 | 12.5
Fighting       | |  2.0
Throwing       | |  2.0

Action                   |  1- 3 |  4- 6 |  7- 9 | 10-12 | 13-15 | 16-18 || total
-------------------------+-------+-------+-------+-------+-------+-------++-------
Melee: Dagger            |    64 |   140 |   192 |   442 |   235 |       ||  1073
       Constrict         |    19 |    24 |    31 |    76 |   142 |    13 ||   305
       Tentacles         |     8 |    21 |    43 |   214 |   295 |    29 ||   610
       Short sword       |       |       |       |   436 |   135 |       ||   571
       War axe           |       |       |       |       |   165 |       ||   165
       Rapier            |       |       |       |       |   590 |    96 ||   686
Throw: Tomahawk          |       |     5 |     3 |    11 |    48 |    10 ||    77
       Javelin           |       |       |       |       |     4 |       ||     4
       Throwing net      |       |       |       |       |     1 |     1 ||     2
 Cast: Sticks to Snakes  |       |       |       |    30 |     7 |       ||    37
       Confuse           |       |       |       |       |     5 |     5 ||    10
Invok: Call Merchant     |       |       |       |     2 |     2 |       ||     4
Evoke: Wand              |       |       |    20 |    23 |    41 |       ||    84
       Phial of floods   |       |       |     1 |     1 |     2 |       ||     4
  Use: Scroll            |     1 |    13 |    12 |    14 |    18 |     1 ||    59
       Potion            |       |     1 |     6 |     4 |     9 |       ||    20
 Stab: Sleeping          |     8 |    15 |    34 |    34 |    40 |       ||   131
       Distracted        |       |     1 |     3 |     9 |    13 |     2 ||    28
       Paralysed         |       |       |     2 |     8 |     1 |       ||    11
       Held in net/web   |       |       |       |       |     1 |       ||     1
       Confused          |       |       |       |       |     1 |     2 ||     3
  Eat: Chunk             |       |     8 |     3 |       |       |       ||    11
       Ration            |       |       |     5 |     9 |    16 |     2 ||    32
Armor: Skin              |     5 |     2 |     4 |    62 |    75 |     6 ||   154
Dodge: Dodged            |    42 |    60 |    42 |   263 |   431 |    52 ||   890
Block: Other             |       |     4 |       |       |       |       ||     4
       Buckler           |       |    14 |       |       |       |       ||    14
       Shield            |       |       |    86 |   535 |   775 |   104 ||  1500
       Reflection        |       |       |     2 |     5 |    35 |     3 ||    45
